 Dungeon Crawl Stone Soup version 0.20-a0-309-gcba9277 (webtiles) character file.

52 tboon the Skirmisher (level 3, -3/33 HPs)
             Began as a Minotaur Fighter on Dec 19, 2016.
             Slain by a gnoll
             ... wielding a +0 halberd
              (6 damage)
             ... on level 2 of the Dungeon.
             The game lasted 00:01:57 (740 turns).

tboon the Skirmisher (Minotaur Fighter)              Turns: 740, Time: 00:01:57

Health: -3/33      AC: 10    Str: 20    XL:     3   Next: 60%
Magic:  2/2        EV:  5    Int:  5    God:
Gold:   30         SH:  9    Dex: 10    Spells: 2/2 levels left

rFire  . . .     SeeInvis .     a - +0 war axe
rCold  . . .     Gourm    .     k - +0 chain mail
rNeg   . . .     Faith    .     c - +0 shield
rPois  .         Spirit   .     (helmet restricted)
rElec  .         Reflect  .     m - -1 cloak (curse)
rCorr  .         Harm     .     g - +0 pair of gloves
MR     .....                    (no boots)
Stlth  ..........               (no amulet)
                                (no ring)
                                (no ring)

@: slowed, very slow
A: retaliatory headbutt, horns 2
a: no special abilities


You were on level 2 of the Dungeon.
You were not hungry.

You visited 1 branch of the dungeon, and saw 2 of its levels.

You collected 30 gold pieces.

Inventory:

Hand Weapons
 a - a +0 war axe (weapon)
Missiles
 r - 7 curare-tipped needles
Armour
 b - a +0 scale mail
 c - a +0 shield (worn)
 g - a +0 pair of gloves (worn)
   (You found it on level 1 of the Dungeon)
 k - a +0 chain mail (worn)
   (You found it on level 1 of the Dungeon)
 m - a cursed -1 cloak (worn)
   (You found it on level 1 of the Dungeon)
Jewellery
 t - an uncursed amulet of faith {unknown}
   (You found it on level 1 of the Dungeon)
Scrolls
 e - 2 scrolls of identify {unknown}
 i - a scroll of remove curse {unknown}
 j - a scroll of amnesia {unknown}
 o - 2 scrolls of noise {unknown}
 p - a scroll of recharging {unknown}
Potions
 d - a potion of might
 h - a potion of curing {unknown}
 l - a potion of ambrosia {unknown}
 q - a potion of resistance {unknown}
Comestibles
 f - a bread ration
 n - 6 chunks of flesh
 s - a beef jerky


   Skills:
 + Level 4.1 Fighting
 * Level 3.4 Axes
 + Level 3.8 Armour
 + Level 1.0 Dodging
 + Level 4.1 Shields


You had 2 spell levels left.
You didn't know any spells.

Dungeon Overview and Level Annotations

Branches:
Dungeon (2/15)

Altars:

Annotations:
D:2 Natasha


Innate Abilities, Weirdness & Mutations

You reflexively headbutt those who attack you in melee.
You have a pair of horns on your head.


Message History

You block the hobgoblin's attack.
You barely miss the hobgoblin. You headbutt the hobgoblin.
You kill the hobgoblin!
Things that are here:
a club; a hobgoblin corpse You butcher the hobgoblin corpse.
n - 4 chunks of flesh (gained 3)
You see here a club. x2
An adder comes into view.
The adder hisses angrily.
You block the adder's attack. x2
You hit the adder. Your headbutt misses the adder.
The adder is moderately wounded.
The adder bites you but does no damage. You block the adder's attack.
You slash the adder!
You kill the adder!
You have reached level 3!
Your experience leads to an increase in your attributes!
Increase (S)trength, (I)ntelligence, or (D)exterity?
You feel agile.
You butcher the adder corpse.
n - 6 chunks of flesh (gained 2)
A hobgoblin comes into view. It is wielding a club.
The hobgoblin shouts!
Natasha, Servant of Life and Death comes into view.
Natasha hisses angrily.
The hobgoblin barely misses you.
You slash the hobgoblin!
You kill the hobgoblin!
Natasha casts a spell.
A gnoll comes into view. It is wielding a whip.
The gnoll shouts!
You hear a shout!
Natasha claws you but does no damage.
You closely miss Natasha. You headbutt Natasha, but do no damage.
You hit the shadow imp. Natasha claws you but does no damage.
You block the shadow imp's attack. Natasha casts a spell at you.
You feel yourself slow down.
A gnoll comes into view. It is wielding a club.
You closely miss the shadow imp.
The shadow imp is moderately wounded.
You closely miss Natasha.
The gnoll shouts!
You hit the gnoll. You block the shadow imp's attack.
Natasha stares at you and mumbles some strange words.
The magic dart hits you! The gnoll hits you but does no damage.
The shadow imp barely misses you. Natasha claws you.
You block the gnoll's attack.
A kobold comes into view. It is wielding a dagger.
The kobold shouts!
You hit the gnoll.
The gnoll is severely wounded.
You closely miss Natasha. You hit the shadow imp. The shadow imp hits you.
You block Natasha's attack. The gnoll barely misses you.
The shadow imp hits you. You block Natasha's attack.
The gnoll hits you but does no damage. 2 gnolls come into view.
You closely miss the gnoll.
The gnoll shouts!
Your headbutt misses the gnoll.
The gnoll is severely wounded.
You closely miss the shadow imp. You hit Natasha but do no damage.
The shadow imp gestures at you. Pain shoots through your body!
Natasha claws you but does no damage. You block the gnoll's attack.
You block the shadow imp's attack. You block Natasha's attack.
The gnoll hits you but does no damage.
You are too injured to fight recklessly!
You are too injured to fight recklessly!
You are too injured to fight recklessly!
You slash Natasha! Your headbutt misses Natasha.
Natasha is heavily wounded.
You hit the gnoll.
You kill the gnoll!
You slash the gnoll! You barely miss the shadow imp.
You block the shadow imp's attack. Natasha claws you but does no damage.
The gnoll hits you but does no damage. The shadow imp barely misses you.
You block Natasha's attack. The gnoll hits you with a club.
The shadow imp hits you but does no damage.
You completely miss Natasha. Your headbutt misses Natasha.
Natasha is heavily wounded.
You closely miss the shadow imp. You slash the gnoll!
You kill the gnoll!
Your Dodging skill increases to level 1!
Your Shields skill increases to level 4!
You closely miss the kobold. You block Natasha's attack.
The kobold hits you with a dagger. The shadow imp barely misses you.
You block the kobold's attack. You block the gnoll's attack.
Natasha claws you but does no damage. The gnoll hits you but does no damage.
The shadow imp lashes its tail.
The shadow imp hits you but does no damage.
The kobold hits you but does no damage. Natasha barely misses you.
You furiously retaliate!
You headbutt Natasha. You closely miss Natasha. You headbutt Natasha.
Natasha is severely wounded.
You barely miss the shadow imp. You barely miss the gnoll. You hit the kobold.
You kill the kobold!
The gnoll hits you with a flail!
* * * LOW HITPOINT WARNING * * *
The gnoll hits you from afar with a halberd.
You die...

#.###..#
##.#...#
##.#..#
#.#..# #.#..#
######
#.#..##.(....
#.#..#...####
#.#...).....#
#.#.##@5.##.#
..#.#g)h..#
#.#g....#
.$......#
##......#
#......#
#.###### #.


You could see Natasha, 2 gnolls and a shadow imp.

Vanquished Creatures
  An adder (D:2)
  2 gnolls (D:2)
  2 dart slugs (D:1)
  2 leopard geckos (D:1)
  A goblin (D:1)
  6 hobgoblins
  2 bats (D:1)
  A kobold (D:2)
  A rat (D:1)
18 creatures vanquished.

Notes
Turn   | Place    | Note
-------+----------+-------------------------------------------
     0 | D:1      | tboon the Minotaur Fighter began the quest for the Orb.
     0 | D:1      | Reached XP level 1. HP: 19/19 MP: 0/0
   288 | D:1      | Reached XP level 2. HP: 27/27 MP: 1/1
   534 | D:1      | Reached skill level 4 in Fighting
   638 | D:1      | Reached skill level 3 in Axes
   726 | D:2      | Reached XP level 3. HP: 33/33 MP: 2/2
   730 | D:2      | Noticed Natasha
   739 | D:2      | Reached skill level 1 in Dodging
   739 | D:2      | Reached skill level 4 in Shields
   740 | D:2      | HP: 3/33 [gnoll/flail (7)]
   740 | D:2      | Slain by a gnoll

Vault maps used:
D:1:      dpeg_arrival_rooms_c
D:2:      lemuel_doored_altar, zin_academy, old_standard_altar,
          chequers_ecumenical_altar_island, uniq_natasha,
          uniq_crazy_yiuf_cottage

Skill      XL: |  1  2  3 |
---------------+----------+-----
Fighting       | 4 |  4.1
Axes           | 3 |  3.4
Dodging        | 1 |  1.0
Shields        | 4 |  4.1
Armour         | |  3.8

Action                   || total
-------------------------++-------
Melee: War axe           ||    45
       Headbutt          ||     8
Armor: Chain mail        ||    32
Dodge: Dodged            ||    11
Block: Shield            ||    31

Vault maps used:
D:1:      dpeg_arrival_rooms_c
D:2:      lemuel_doored_altar, zin_academy, old_standard_altar,
          chequers_ecumenical_altar_island, uniq_natasha,
          uniq_crazy_yiuf_cottage

Table legend:
 A = Turns spent in this place as a percentage of turns spent in the entire game.
 B = Non-inter-level travel turns spent in this place as a percentage of non-inter-level travel turns spent in the entire game.
 C = Inter-level travel turns spent in this place as a percentage of turns spent in this place.
 D = Turns resting spent in this place as a percentage of non-inter-level travel turns spent in this place.
 E = Turns spent auto-exploring this place as a percentage of non-inter-level travel turns spent in this place.
 F = Non-inter-level travel turns spent in this place divided by the number of levels of this place that you've seen.
                   A       B       C       D       E      F
               +-------+-------+-------+-------+-------+----------------------
         Total | 100.0 | 100.0 |   0.7 |   1.5 |  25.4 |  67.0
       Dungeon | 100.0 | 100.0 |   0.7 |   1.5 |  25.4 |  67.0
               +-------+-------+-------+-------+-------+----------------------

Table legend:
 A = Kills in this place as a percentage of kills in entire the game.
 B = Kills by you in this place as a percentage of kills by you in the entire game.
 C = Kills by friends in this place as a percentage of kills by friends in the entire game.
 D = Other kills in this place as a percentage of other kills in the entire game.
 E = Experience gained in this place as a percentage of experience gained in the entire game.
 F = Experience gained in this place divided by the number of levels of this place that you have seen.
                   A       B       C       D       E      F
               +-------+-------+-------+-------+-------+----------------------
         Total | 100.0 | 100.0 |  -nan |  -nan | 100.0 |  37.5
       Dungeon | 100.0 | 100.0 |  -nan |  -nan | 100.0 |  37.5
               +-------+-------+-------+-------+-------+----------------------
